 Dungeon Crawl Stone Soup version 0.25-a0-869-g05d4e06a41 (webtiles) character file.

Game seed: 17350940759482379128, levelgen mode: deterministic

12 Maedhros the Insei (level 2, -5/21 HPs)
             Began as an Octopode Chaos Knight on May 1, 2020.
             Was a Plaything of Xom.
             Slain by an orc
             ... wielding a +0 mace
              (8 damage)
             ... on level 3 of the Dungeon.
             The game lasted 00:01:26 (376 turns).

Maedhros the Insei (Octopode Chaos Knight)           Turns: 376, Time: 00:01:27

Health: -5/21      AC:  1    Str: 11    XL:     2   Next: 33%
Magic:  2/2        EV: 13    Int: 14    God:    Xom [..*...]
Gold:   70         SH:  0    Dex: 11    Spells: 1/1 levels left

rFire    . . .     SeeInvis .     - Unarmed
rCold    . . .     Gourm    .   (no shield)
rNeg     . . .     Faith    .   (helmet restricted)
rPois    .         Spirit   .   (no amulet)
rElec    .         Reflect  .   (no ring)
rCorr    .         Harm     .   (no ring)
MR       .....                  (no ring)
Stlth    ++........             (no ring)
HPRegen  0.07/turn              (no ring)
MPRegen  0.08/turn              (no ring)
                                (no ring)
                                (no ring)

@: brilliant
A: almost no armour, stealthy swim, amphibious, 8 rings, constrict 8, camouflage
1, gelatinous body 1
a: Renounce Religion


You were on level 3 of the Dungeon.
You worshipped Xom.
You were a toy of Xom.
You were not hungry.

You visited 1 branch of the dungeon, and saw 3 of its levels.

You collected 70 gold pieces.

Inventory:

Scrolls
 b - 3 scrolls of remove curse {unknown}
 d - 2 scrolls of noise {unknown}
 e - 2 scrolls of identify {unknown}
Comestibles
 a - a ration


   Skills:
 - Level 3.0 Fighting
 - Level 2.3 Dodging
 + Level 3.7 Unarmed Combat


You had one spell level left.
You didn't know any spells.
Your spell library was empty.

Dungeon Overview and Level Annotations

Branches:
Dungeon (3/15)

Altars:


Innate Abilities, Weirdness & Mutations

You cannot wear most types of armour.
You are very stealthy in the water. (Stealth+)
You are amphibious.
You can wear up to eight rings at the same time.
You can use your tentacles to constrict eight enemies at once.
Your skin changes colour to match your surroundings (Stealth+).
Your rubbery body absorbs attacks. (AC +1, EV +1)


Message History

You constrict the orc. You constrict the orc wizard. You constrict the orc.
The orc wizard hits you with a +0 vampiric dagger.
The orc wizard draws strength from your wounds!
The orc hits you with a +0 whip. The orc hits you.
Unknown command.
You barely miss the orc wizard.
The orc wizard is heavily wounded.
You constrict the orc. You constrict the orc wizard. You constrict the orc.
You kill the orc!
The orc wizard misses you. The orc closely misses you.
The orc wizard hits you with a +0 vampiric dagger.
* * * LOW HITPOINT WARNING * * *
The orc wizard draws strength from your wounds!
You aren't carrying any potions.
You tentacle-slap the orc wizard. Your squeeze misses the orc wizard.
The orc wizard is severely wounded.
You constrict the orc. You constrict the orc wizard.
The orc hits you with a +0 mace!
You die...
Xom bursts into laughter!

#. ### #. .# .###.. #.
...#....# #.# ...#..# ..
. ....# #.# #. #..#
#.###### #.##o@# #
#....... .#...oo##
###.##..#####
.........###............
..#..........#.##..#####
. ####.#.#####.....#
...#.########.##
###.#..........#
..############ ##


You could see an orc wizard and 2 orcs.

Vanquished Creatures
  A dart slug (D:1)
  An orc (D:3)
  A hobgoblin (D:1)
  4 kobolds
  2 rats
9 creatures vanquished.

Vanquished Creatures (collateral kills)
  A goblin (D:3)
  A kobold (D:3)
2 creatures vanquished.

Grand Total: 11 creatures vanquished

Notes
Turn   | Place    | Note
-------+----------+-------------------------------------------
     0 | D:1      | Maedhros the Octopode Chaos Knight began the quest for the
                  | Orb.
     0 | D:1      | Reached XP level 1. HP: 16/16 MP: 1/1
   121 | D:1      | XOM: silly message
   161 | D:2      | Reached XP level 2. HP: 21/21 MP: 2/2
   295 | D:3      | Found a faded altar of an unknown god.
   301 | D:3      | XOM: cast spell 'Summon Mana Viper'
   376 | D:3      | Slain by an orc

Levels and vault maps discovered:
D:1:      roderic_octagonal_star, layout_loops_ring
D:2:      layout_basic, gammafunk_temple_overflow_claw, first_ration
D:3:      layout_loops_ring, lemuel_round_altar,
          chequers_ecumenical_altar_simple, cheibrodos_sewer_entry_bend

Action                   || total
-------------------------++-------
Melee: Unarmed           ||    28
       Constrict         ||     8
       Tentacles         ||     3
  Use: Potion            ||     2
Dodge: Dodged            ||    25

Table legend:
 A = Non-vault XP
 B = Vault XP
 C = Vault XP percentage of total XP
 D = Non-vault monster count
 E = Vault monster count
 F = Vault count percentage of total count
                 A         B        C        D         E       F
            +---------+---------+-------+---------+---------+-------
      Total |      18 |       0 |   0.0 |      11 |       0 |   0.0
            +---------+---------+-------+---------+---------+-------
        D:1 |       9 |       0 |   0.0 |       4 |       0 |   0.0
        D:2 |       1 |       0 |   0.0 |       1 |       0 |   0.0
        D:3 |       8 |       0 |   0.0 |       6 |       0 |   0.0
            +---------+---------+-------+---------+---------+-------
